 Dungeon Crawl Stone Soup version 0.20.1-1-g8b1a95d (webtiles) character file.

407 n0claF the Magician (level 6, -4/32 HPs)
             Began as a Deep Elf Summoner on Oct 27, 2017.
             Was an Initiate of the Shining One.
             Shot with an arrow by a centaur (7 damage)
             ... on level 5 of the Dungeon.
             The game lasted 00:18:53 (4006 turns).

n0claF the Magician (Deep Elf Summoner)             Turns: 4006, Time: 00:18:54

Health: -4/32      AC:  2    Str:  5    XL:     6   Next: 57%
Magic:  9/17       EV: 13    Int: 22    God:    the Shining One [......]
Gold:   231        SH:  0    Dex: 15    Spells: 8/18 levels left

rFire    . . .     SeeInvis .   o - +2 rapier (speed)
rCold    + . .     Gourm    .   (no shield)
rNeg     + . .     Faith    .   a - +0 robe
rPois    .         Spirit   .   (no helmet)
rElec    .         Reflect  .   (no cloak)
rCorr    .         Harm     .   (no gloves)
MR       .....                  (no boots)
Stlth    +.........             (no amulet)
Regen    0.1/turn               l - ring of protection from cold
MPRegen  0.2/turn               n - ring of positive energy

@: very slightly contaminated, glowing
A: no striking features
a: Renounce Religion


You were on level 5 of the Dungeon.
You worshipped the Shining One.
The Shining One was noncommittal.
You were not hungry.

You visited 1 branch of the dungeon, and saw 5 of its levels.

You collected 231 gold pieces.

Inventory:

Hand Weapons
 o - a +2 rapier of speed (weapon)
Armour
 a - a +0 robe (worn)
Jewellery
 l - a ring of protection from cold (left hand)
 n - a ring of positive energy (right hand)
Wands
 v - a wand of random effects (20/48)
 x - a wand of polymorph (13/24)
Scrolls
 e - 3 scrolls of teleportation {unknown}
 h - a scroll of immolation {unknown}
 k - 4 scrolls of remove curse {unknown}
 p - 2 scrolls of recharging {unknown}
 r - a scroll of fog {unknown}
 s - 3 scrolls of identify {unknown}
 u - a scroll of fear {unknown}
 w - a scroll of enchant armour {unknown}
Potions
 d - a potion of mutation {unknown}
 i - 2 potions of curing {unknown}
 m - a potion of lignification {unknown}
 q - 2 potions of degeneration {unknown}
 t - 2 potions of heal wounds
 z - a potion of cancellation {unknown}
Books
 b - a book of Callings

   Spells                             Type                      Level
   a - Summon Small Mammal            Summoning                    1
   b - Call Imp                       Summoning                    2
   c - Call Canine Familiar           Summoning                    3
   d - Summon Guardian Golem          Hexes/Summoning              3
   e - Summon Lightning Spire         Summoning/Air                4
   f - Summon Ice Beast               Ice/Summoning                4
Comestibles
 c - 2 bread rations
 f - 3 meat rations
 g - 10 fruits
 j - 2 royal jellies
 A - a chunk of flesh


   Skills:
 + Level 0.2 Short Blades
 + Level 2.8 Dodging
 + Level 2.7 Stealth
 + Level 6.6 Spellcasting
 + Level 6.6 Summonings
 + Level 1.2 Ice Magic


You had 8 spell levels left.
You knew the following spells:

 Your Spells              Type           Power        Failure   Level  Hunger
a - Summon Small Mammal   Summ           ####         1%          1    None
b - Call Imp              Summ           #####...     1%          2    None
c - Call Canine Familiar  Summ           #####...     1%          3    #......
d - Summon Ice Beast      Ice/Summ       ###.....     17%         4    ###....


Dungeon Overview and Level Annotations

Branches:
Dungeon (5/15)
 Temple: D:4-7

Altars:
Nemelex Xobeh
Vehumet
The Shining One


Message History

The worker ant completely misses your hound.
Your hound bites the worker ant but does no damage.
Your hound bites the worker ant.
The worker ant bites your hound.
Your hound dies!
Your hound's corpse disappears in a puff of smoke!
Your ice beast hits the worker ant but does no damage.
Your ice beast closely misses the worker ant.
A worker ant is nearby!
Your ice beast completely misses the worker ant.
There isn't anything here!
The worker ant bites you.
* * * LOW HITPOINT WARNING * * *
A centaur comes into view.
The centaur shouts!
The centaur wields a shortbow.
The centaur shoots an arrow.
The arrow barely misses you.
There is a stone staircase leading down here.
You see here an arrow.
The centaur shoots an arrow.
The arrow hits you!
You die...

#######)##
##........... #..#
##.c#..#.....#
##.###..#......รท...
######........##....#..
#.....Y#....####..[.##.
##..$...#.##.# #....###
.......a>.# # #....# #
##.!.)..### #....# #
#.....@# #....# #
######## #....# #....#
#....#


You could see a centaur, a worker ant and a friendly ice beast.

Vanquished Creatures (collateral kills)
  Sigmund (D:3)
  An ice beast (D:5)
  A scorpion (D:5)
  A centaur zombie (D:3)
  A crimson imp (D:5)
  2 bullfrog skeletons
  A jelly (D:5)
  An orc priest (D:5)
  2 hounds
  An iguana (D:5)
  An orc wizard (D:5)
  Ijyb (D:5)
  5 adders
  4 oozes
  2 worms (D:2)
  3 dart slugs
  3 leopard geckos
  7 orcs
  3 giant cockroaches
  11 goblins
  9 hobgoblins
  8 jackals
  12 kobolds
  2 quokkas
  A ball python (D:4)
  3 bats (D:2)
  6 frilled lizards
  5 rats
98 creatures vanquished.

Notes
Turn   | Place    | Note
-------+----------+-------------------------------------------
     0 | D:1      | n0claF the Deep Elf Summoner began the quest for the Orb.
     0 | D:1      | Reached XP level 1. HP: 10/10 MP: 6/6
   515 | D:1      | Reached XP level 2. HP: 15/15 MP: 2/8
   520 | D:1      | Learned a level 2 spell: Call Imp
   621 | D:1      | Reached skill level 5 in Summonings
   924 | D:2      | Found a radiant altar of Vehumet.
  1146 | D:2      | Reached XP level 3. HP: 14/19 MP: 5/10
  1265 | D:2      | Learned a level 3 spell: Call Canine Familiar
  2088 | D:3      | Noticed Sigmund
  2111 | D:3      | Killed Sigmund
  2111 | D:3      | Reached skill level 5 in Spellcasting
  2111 | D:3      | Reached XP level 4. HP: 20/24 MP: 3/13
  2216 | D:3      | Reached XP level 5. HP: 28/28 MP: 14/14
  2238 | D:3      | Learned a level 4 spell: Summon Ice Beast
  2675 | D:3      | Found a sparkling altar of Nemelex Xobeh.
  3031 | D:4      | Noticed a spatial vortex
  3224 | D:4      | Noticed a spatial vortex
  3589 | D:5      | Entered Level 5 of the Dungeon
  3614 | D:5      | Noticed Ijyb
  3633 | D:5      | Killed Ijyb
  3634 | D:5      | Reached XP level 6. HP: 32/32 MP: 10/17
  3645 | D:5      | Noticed an ice beast
  3688 | D:5      | Killed an ice beast
  3688 | D:5      | Reached skill level 1 in Ice Magic
  3817 | D:5      | Found a glowing golden altar of the Shining One.
  3824 | D:5      | Became a worshipper of the Shining One
  4006 | D:5      | Shot with an arrow by a centaur

Skill      XL: |  1  2  3  4  5  6 |
---------------+-------------------+-----
Summonings     | 5 6 |  6.6
Spellcasting   | 5 6 |  6.6
Ice Magic      | 1 |  1.2
Short Blades   | |  0.2
Dodging        | |  2.8
Stealth        | |  2.7

Action                   |  1- 3 |  4- 6 || total
-------------------------+-------+-------++-------
Melee: Unarmed           |     1 |       ||     1
       Rapier            |       |     4 ||     4
 Cast: Summon Small Mamm |    21 |       ||    21
       Call Imp          |    26 |       ||    26
       Call Canine Famil |     6 |    15 ||    21
       Summon Ice Beast  |       |    18 ||    18
  Eat: Chunk             |     5 |     7 ||    12
       Royal jelly       |       |     1 ||     1
Armor: Robe              |     2 |     5 ||     7
Dodge: Dodged            |    26 |    23 ||    49
